Predators vs Maple Leafs
Created - March 27, 2019 at 19:58
Goals
|
| Predators |
1 |
2 |
0 |
3 |
| Maple Leafs |
0 |
2 |
0 |
2 |
|
Shots
|
| Predators |
9 |
19 |
3 |
31 |
| Maple Leafs |
8 |
14 |
8 |
30 |
|
1st period
1. Predators , Justin Abdelkader 13 (James Van Riemsdyk 14, Mikael Granlund 40) at 13:45
Penalties :
Niclas Bergfors (Nas) for Hooking (Minor) at 9:19, Ryan Kesler (Nas) for Interference (Minor) at 18:30
2nd period
2. Predators , Alexander Edler 10 (Ryan Mcdonagh 19, Chris Lawrence 1) at 2:31
3. Maple Leafs , Ben Smith 23 (Jordan Staal 42, Taylor Hall 35) at 9:28
4. Predators , Alexander Edler 11 (Ryan Mcdonagh 20, Niclas Bergfors 28) at 10:15 (PP)
5. Maple Leafs , Alex Killorn 4 (Beau Bennett 2, Mark Scheifele 18) at 17:10
Penalties :
Ben Smith (Tor) for Slashing (Minor) at 9:46, Beau Bennett (Tor) for Interference (Minor) at 14:24, Mikael Granlund (Nas) for Interference (Minor) at 17:39
3rd period
No Goal
Penalties :
Blake Comeau (Tor) for Tripping (Minor) at 4:58, Adam Burish (Nas) for Butt-ending (Major / Game Misconduct) at 7:14
Goalie Stats
Viktor Fasth (Nas), 28 saves from 30 shots - (0.933), W, 36-18-4, 60:00 minutes
Marc-André Fleury (Tor), 28 saves from 31 shots - (0.903), L, 27-21-4, 59:14 minutes
Players Stats for Predators
Player Name G A P +/- PIM S H SB GA TA FO MP PP MP PK MP
------------------------------------------------------------------------------------
Adam Burish 0 0 0 0 15 4 0 0 0 0 0/1 11:20 0:00 3:13
Alexander Edler 2 0 2 1 0 3 3 1 1 1 0/0 29:20 2:58 5:21
Alexander Ovechkin 0 0 0 0 0 2 1 0 0 1 0/1 21:16 2:42 2:49
Alexander Steen 0 0 0 1 0 0 0 0 1 0 0/0 8:39 0:01 1:42
Andy Miele 0 0 0 0 0 2 1 0 0 0 5/12 14:33 0:00 5:23
Byron Bitz 0 0 0 -1 0 1 0 0 0 1 2/2 16:43 1:44 2:09
Chris Lawrence 0 1 1 1 0 0 0 1 0 0 0/0 6:59 0:00 0:00
Dmitri Kalinin 0 0 0 1 0 0 1 1 0 0 0/0 11:38 0:00 0:31
James Van Riemsdyk 0 1 1 -1 0 1 0 0 0 0 1/1 15:00 1:45 0:07
John Moore 0 0 0 -2 0 4 0 0 0 0 0/0 19:02 1:29 5:04
Justin Abdelkader 1 0 1 0 0 2 0 0 0 1 0/1 12:57 0:00 3:00
Mikael Granlund 0 1 1 -1 2 5 2 0 1 0 5/16 14:29 1:45 0:00
Nate Schmidt 0 0 0 0 0 0 0 1 0 0 0/0 15:49 0:00 5:04
Niclas Bergfors 0 1 1 0 2 3 2 0 2 0 1/1 18:45 2:42 0:00
Ryan Kesler 0 0 0 0 2 1 1 0 1 0 10/20 20:56 2:42 1:42
Ryan Mcdonagh 0 2 2 1 0 2 0 5 0 0 0/0 29:20 2:58 5:21
Ryan Murray 0 0 0 -1 0 1 1 0 0 0 0/0 14:51 1:29 0:31
Scott Laughton 0 0 0 1 0 0 2 0 0 0 3/4 7:23 0:00 1:47
Players Stats for Maple Leafs
Player Name G A P +/- PIM S H SB GA TA FO MP PP MP PK MP
------------------------------------------------------------------------------------
Alex Killorn 1 0 1 1 0 2 2 0 0 0 0/1 10:35 0:56 0:00
Beau Bennett 0 1 1 1 2 2 0 0 0 0 0/0 10:07 0:00 0:00
Ben Smith 1 0 1 1 2 2 6 0 0 0 1/2 23:23 5:30 2:08
Blake Comeau 0 0 0 -1 2 0 2 1 0 0 0/0 7:38 0:53 0:00
Brayden Schenn 0 0 0 -1 0 0 1 0 0 0 4/10 13:21 0:00 1:11
Braydon Coburn 0 0 0 1 0 1 0 0 0 2 0/0 27:22 4:35 2:39
Eric Nystrom 0 0 0 -1 0 2 3 0 0 0 1/2 10:24 1:32 1:37
Fabian Brunnstrom 0 0 0 -1 0 2 1 0 0 0 0/0 16:20 4:23 0:00
Jeremy Morin 0 0 0 -1 0 3 2 0 0 0 0/1 18:16 4:23 1:27
John Klingberg 0 0 0 -1 0 1 0 0 1 1 0/0 20:09 6:16 0:00
Jordan Staal 0 1 1 1 0 2 3 0 0 0 22/34 23:54 5:37 2:31
Kevin Shattenkirk 0 0 0 1 0 5 1 0 1 1 0/0 28:21 5:04 1:48
Marc-Édouard Vlasic 0 0 0 -1 0 1 3 0 0 0 0/0 18:20 5:26 0:00
Mark Scheifele 0 1 1 1 0 0 1 0 1 0 2/6 13:26 3:57 0:00
Nate Thompson 0 0 0 -1 0 1 0 0 0 0 1/1 6:43 0:00 0:00
Ryan Parent 0 0 0 0 0 0 0 2 0 0 0/0 13:02 0:31 1:48
Taylor Chorney 0 0 0 0 0 1 0 1 0 0 0/0 12:46 0:00 2:39
Taylor Hall 0 1 1 1 0 5 3 3 1 2 1/2 21:23 5:37 0:00
3 Stars
1 - Alexander Edler (Nas)
2 - Ryan Mcdonagh (Nas)
3 - Ben Smith (Tor)
Power Play
Predators - 1 on 3 Attempt(s) - 33.33%
Maple Leafs - 0 on 4 Attempt(s) - 0.00%
Penalty Kill
Predators - 4 on 4 Attempt(s) - 100.00%
- Score 0 goal in Penalty Kill
Maple Leafs - 2 on 3 Attempt(s) - 66.67%
- Score 0 goal in Penalty Kill
Team Stat
Predators - Hits : 14 - Faceoff Wins : 27 - Blocked Shots : 9 - Penalty Minutes : 21
Maple Leafs - Hits : 28 - Faceoff Wins : 32 - Blocked Shots : 7 - Penalty Minutes : 6
Official
Referees : Unknown
Linesman : Unknown
Game Notes
Adam Burish ejected from game at 7:14 of 3rd period
Finance
Level 1 -- Attendance: 5944 (99.07%) -- Ticket Income $534,960
Level 2 -- Attendance: 5000 (100.00%) -- Ticket Income $275,000
Level 3 -- Attendance: 1880 (94.00%) -- Ticket Income $67,680
Level 4 -- Attendance: 3722 (93.05%) -- Ticket Income $93,050
Luxury Box -- Attendance: 934 (93.40%) -- Ticket Income $144,770
Game was played at the Maple Leafs Garden.
Total Attendance: 17480 (97.11%)
Total Ticket Income: $1,115,460
Other Income: $167,319
Total Income: $1,282,779
Predators
5 vs 5 Forward
Center Left Wing Right Wing Time % Phy DF OF
1 Ryan Kesler Alexander Ovechkin Niclas Bergfors 40 1 2 2
2 Mikael Granlund James Van Riemsdyk Byron Bitz 30 1 2 2
3 Andy Miele Justin Abdelkader Adam Burish 20 1 2 2
4 Scott Laughton Alexander Steen Chris Lawrence 10 1 2 2
5 vs 5 Defense
Defense Defense Time % Phy DF OF
1 Ryan Mcdonagh Alexander Edler 40 1 2 2
2 John Moore Ryan Murray 30 1 2 2
3 Nate Schmidt Dmitri Kalinin 20 1 2 2
4 Ryan Mcdonagh Alexander Edler 10 1 2 2
PowerPlay Forward
Center Left Wing Right Wing Time % Phy DF OF
1 Ryan Kesler Alexander Ovechkin Niclas Bergfors 60 1 1 3
2 Mikael Granlund James Van Riemsdyk Byron Bitz 40 1 1 3
PowerPlay Defense
Defense Defense Time % Phy DF OF
1 Ryan Mcdonagh Alexander Edler 51 1 1 3
2 John Moore Ryan Murray 49 1 1 3
Penalty Kill 4 Players Forward
Center Wing Time % Phy DF OF
1 Andy Miele Adam Burish 60 1 2 2
2 Ryan Kesler Byron Bitz 40 1 2 2
Penalty Kill 4 Players Defense
Defense Defense Time % Phy DF OF
1 Ryan Mcdonagh Alexander Edler 60 1 2 2
2 John Moore Nate Schmidt 40 1 2 2
Penalty Kill - 3 Players Forward
Forward Time % Phy DF OF
1 Adam Burish 60 1 2 2
2 Byron Bitz 40 1 2 2
Penalty Kill - 3 Players Defense
Defense Defense Time % Phy DF OF
1 Ryan Mcdonagh Alexander Edler 60 1 2 2
2 John Moore Nate Schmidt 40 1 2 2
4 vs 4 Forward
Center Wing Time % Phy DF OF
1 Andy Miele Alexander Ovechkin 60 1 2 2
2 Ryan Kesler Niclas Bergfors 40 1 2 2
4 vs 4 Defense
Defense Defense Time % Phy DF OF
1 Ryan Mcdonagh Alexander Edler 60 1 2 2
2 John Moore Ryan Murray 40 1 2 2
Last Minutes Offensive
Center Left Wing Right Wing Defense Defense
Mikael Granlund Alexander Ovechkin Niclas Bergfors Ryan Mcdonagh Alexander Edler
Last Minutes Defensive
Center Left Wing Right Wing Defense Defense
Ryan Kesler Alexander Ovechkin Byron Bitz Ryan Mcdonagh Alexander Edler
Goaltenders
Starting : Viktor Fasth
Backup : Chad Johnson
Extra Forwards
Normal : Alexander Steen, James Van Riemsdyk, Justin Abdelkader - PP : Alexander Steen, Justin Abdelkader - PK : Justin Abdelkader
Extra Defensemen
Normal : Nate Schmidt, Ryan Murray, John Moore - PP : Dmitri Kalinin - PK : John Moore, Dmitri Kalinin
Penalty Shots
Alexander Ovechkin, Niclas Bergfors, Ryan Kesler, Andy Miele, Justin Abdelkader
Scratches
Brendan Gallagher (Left Wrist Injury), Michal Rozsival (Right Foot Injury)
Maple Leafs
5 vs 5 Forward
Center Left Wing Right Wing Time % Phy DF OF
1 Jordan Staal Taylor Hall Ben Smith 40 1 2 2
2 Brayden Schenn Fabian Brunnstrom Jeremy Morin 30 1 2 2
3 Mark Scheifele Alex Killorn Beau Bennett 20 1 2 2
4 Nate Thompson Eric Nystrom Blake Comeau 10 1 2 2
5 vs 5 Defense
Defense Defense Time % Phy DF OF
1 Kevin Shattenkirk Braydon Coburn 40 1 2 2
2 John Klingberg Marc-Édouard Vlasic 30 1 2 2
3 Taylor Chorney Ryan Parent 20 1 2 2
4 Kevin Shattenkirk Braydon Coburn 10 1 2 2
PowerPlay Forward
Center Left Wing Right Wing Time % Phy DF OF
1 Jordan Staal Taylor Hall Ben Smith 60 1 2 2
2 Mark Scheifele Fabian Brunnstrom Jeremy Morin 40 1 2 2
PowerPlay Defense
Defense Defense Time % Phy DF OF
1 Kevin Shattenkirk John Klingberg 60 1 2 2
2 Marc-Édouard Vlasic Braydon Coburn 40 1 2 2
Penalty Kill 4 Players Forward
Center Wing Time % Phy DF OF
1 Jordan Staal Ben Smith 60 1 2 2
2 Brayden Schenn Eric Nystrom 40 1 2 2
Penalty Kill 4 Players Defense
Defense Defense Time % Phy DF OF
1 Braydon Coburn Taylor Chorney 60 1 2 2
2 Kevin Shattenkirk Ryan Parent 40 1 2 2
Penalty Kill - 3 Players Forward
Forward Time % Phy DF OF
1 Brayden Schenn 60 1 2 2
2 Jordan Staal 40 1 2 2
Penalty Kill - 3 Players Defense
Defense Defense Time % Phy DF OF
1 Braydon Coburn Taylor Chorney 60 1 2 2
2 Kevin Shattenkirk Ryan Parent 40 1 2 2
4 vs 4 Forward
Center Wing Time % Phy DF OF
1 Jordan Staal Taylor Hall 60 1 2 2
2 Mark Scheifele Ben Smith 40 1 2 2
4 vs 4 Defense
Defense Defense Time % Phy DF OF
1 Braydon Coburn Taylor Chorney 60 1 2 2
2 Kevin Shattenkirk Ryan Parent 40 1 2 2
Last Minutes Offensive
Center Left Wing Right Wing Defense Defense
Jordan Staal Taylor Hall Ben Smith Kevin Shattenkirk John Klingberg
Last Minutes Defensive
Center Left Wing Right Wing Defense Defense
Jordan Staal Taylor Hall Ben Smith Braydon Coburn Taylor Chorney
Goaltenders
Starting : Marc-André Fleury
Backup : Thomas McCollum
Extra Forwards
Normal : Eric Nystrom, Alex Killorn, Jeremy Morin - PP : Eric Nystrom, Alex Killorn - PK : Jeremy Morin
Extra Defensemen
Normal : John Klingberg, Kevin Shattenkirk, Marc-Édouard Vlasic - PP : John Klingberg - PK : Kevin Shattenkirk, Marc-Édouard Vlasic
Penalty Shots
Alex Killorn, Jordan Staal, Brayden Schenn, Taylor Hall, Fabian Brunnstrom
Scratches
Claude Giroux (Suspend)
% Time on Ice - Predators
Lines # - Real PCT - Wanted PCT - Time Play
Normal Forward
1 - 38% - 40% - 16:39
2 - 31% - 30% - 13:21
3 - 19% - 20% - 8:14
4 - 12% - 10% - 5:26
Normal Defense
1 - 40% - 40% - 17:21
2 - 32% - 30% - 13:51
3 - 22% - 20% - 9:45
4 - 6% - 10% - 2:43
PP Forward
1 - 61% - 60% - 2:42
2 - 39% - 40% - 1:45
PP Defense
1 - 67% - 51% - 2:58
2 - 33% - 49% - 1:29
PK Forward
1 - 80% - 60% - 8:47
2 - 20% - 40% - 2:09
PK Defense
1 - 54% - 60% - 5:52
2 - 46% - 40% - 5:04
PK3 Forward
1 - 0% - 60%
2 - 0% - 40%
PK3 Defense
1 - 0% - 60%
2 - 0% - 40%
44 Forward
1 - 0% - 60%
2 - 0% - 40%
44 Defense
1 - 0% - 60%
2 - 0% - 40%
Last Minute Offensive - 0:00
Last Minute Defensive - 0:57
Total
Forward - 60:00
Defense - 60:00
|
% Time on Ice - Maple Leafs
Lines # - Real PCT - Wanted PCT - Time Play
Normal Forward
1 - 35% - 40% - 15:20
2 - 27% - 30% - 11:57
3 - 22% - 20% - 9:39
4 - 15% - 10% - 6:43
Normal Defense
1 - 41% - 40% - 17:51
2 - 31% - 30% - 13:22
3 - 23% - 20% - 10:07
4 - 5% - 10% - 2:19
PP Forward
1 - 60% - 60% - 6:33
2 - 40% - 40% - 4:23
PP Defense
1 - 62% - 60% - 6:44
2 - 38% - 40% - 4:12
PK Forward
1 - 85% - 60% - 3:46
2 - 15% - 40% - 0:41
PK Defense
1 - 60% - 60% - 2:39
2 - 40% - 40% - 1:48
PK3 Forward
1 - 0% - 60%
2 - 0% - 40%
PK3 Defense
1 - 0% - 60%
2 - 0% - 40%
44 Forward
1 - 0% - 60%
2 - 0% - 40%
44 Defense
1 - 0% - 60%
2 - 0% - 40%
Last Minute Offensive - 0:58
Last Minute Defensive - 0:00
Total
Forward - 60:00
Defense - 60:00
|
Play-by-Play
1st period
0:01 of 1st period - Ben Smith wins face-off versus Ryan Kesler in neutral zone.
0:08 of 1st period - Ryan Mcdonagh is hit by Taylor Hall and loses puck.
0:17 of 1st period - Wrist shot by Jordan Staal.
0:17 of 1st period - Shot Misses the Net.
0:36 of 1st period - Slapshot by Brayden Schenn.
0:36 of 1st period - Shot Blocked by Ryan Mcdonagh.
0:50 of 1st period - Snap shot by Alexander Edler.
0:50 of 1st period - Shot Misses the Net.
0:52 of 1st period - Snap shot by Adam Burish.
0:52 of 1st period - Stopped by Marc-André Fleury with a rebound.
2:10 of 1st period - Brayden Schenn is hit by Ryan Kesler and loses puck.
2:49 of 1st period - Slapshot by Kevin Shattenkirk.
2:49 of 1st period - Stopped by Viktor Fasth without a rebound.
2:50 of 1st period - Jordan Staal wins face-off versus Andy Miele in Predators zone.
3:12 of 1st period - Dmitri Kalinin is hit by Marc-Édouard Vlasic and loses puck.
3:37 of 1st period - Wrist shot by Andy Miele.
3:37 of 1st period - Shot Blocked by Taylor Hall.
3:39 of 1st period - Snap shot by Andy Miele.
3:39 of 1st period - Deflect By Justin Abdelkader.
3:39 of 1st period - Stopped by Marc-André Fleury with a rebound.
3:41 of 1st period - Slapshot by Dmitri Kalinin.
3:41 of 1st period - Shot Misses the Net.
3:43 of 1st period - Snap shot by Nate Schmidt.
3:43 of 1st period - Shot Hit the Post.
3:45 of 1st period - Slapshot by Nate Schmidt.
3:45 of 1st period - Shot Misses the Net.
3:47 of 1st period - Wrist shot by Adam Burish.
3:47 of 1st period - Deflect By Kevin Shattenkirk.
3:47 of 1st period - Stopped by Marc-André Fleury with a rebound.
3:49 of 1st period - Wrist shot by Adam Burish.
3:49 of 1st period - Stopped by Marc-André Fleury without a rebound.
3:50 of 1st period - Mikael Granlund wins face-off versus Brayden Schenn in Maple Leafs zone.
3:51 of 1st period - Slapshot by James Van Riemsdyk.
3:51 of 1st period - Stopped by Marc-André Fleury without a rebound.
3:52 of 1st period - Brayden Schenn wins face-off versus Mikael Granlund in Maple Leafs zone.
4:17 of 1st period - Alexander Ovechkin is hit by Marc-Édouard Vlasic and loses puck.
4:38 of 1st period - Snap shot by Eric Nystrom.
4:38 of 1st period - Shot Blocked by Chris Lawrence.
4:44 of 1st period - Snap shot by Nate Thompson.
4:44 of 1st period - Stopped by Viktor Fasth without a rebound.
4:45 of 1st period - Nate Thompson wins face-off versus Scott Laughton in Predators zone.
5:00 of 1st period - Snap shot by Eric Nystrom.
5:00 of 1st period - Stopped by Viktor Fasth without a rebound.
5:01 of 1st period - Brayden Schenn wins face-off versus Mikael Granlund in Predators zone.
5:14 of 1st period - Slapshot by Kevin Shattenkirk.
5:14 of 1st period - Stopped by Viktor Fasth with a rebound.
6:09 of 1st period - Icing by Braydon Coburn.
6:10 of 1st period - Jordan Staal wins face-off versus Ryan Kesler in Maple Leafs zone.
7:28 of 1st period - Wrist shot by Alex Killorn.
7:28 of 1st period - Shot Misses the Net.
7:30 of 1st period - Backhand shot by Kevin Shattenkirk.
7:30 of 1st period - Shot Misses the Net.
7:32 of 1st period - Slapshot by Braydon Coburn.
7:32 of 1st period - Shot Misses the Net.
8:20 of 1st period - Wrist shot by Nate Thompson.
8:20 of 1st period - Shot Misses the Net.
8:29 of 1st period - Off-side.
8:30 of 1st period - Andy Miele wins face-off versus Mark Scheifele in neutral zone.
8:44 of 1st period - Off-side.
8:45 of 1st period - Byron Bitz wins face-off versus Jordan Staal in neutral zone.
9:00 of 1st period - Alexander Edler is hit by Jordan Staal and loses puck.
9:11 of 1st period - Marc-Édouard Vlasic is hit by Niclas Bergfors and loses puck.
9:19 of 1st period - Minor Penalty to Niclas Bergfors for Hooking.
9:20 of 1st period - Jordan Staal wins face-off versus Andy Miele in Predators zone.
9:32 of 1st period - Slapshot by Jordan Staal.
9:32 of 1st period - Shot Misses the Net.
9:34 of 1st period - Backhand shot by Jordan Staal.
9:34 of 1st period - Deflect By Taylor Hall.
9:34 of 1st period - Stopped by Viktor Fasth without a rebound.
9:35 of 1st period - Jordan Staal wins face-off versus Adam Burish in Predators zone.
10:29 of 1st period - John Moore is hit by Ben Smith and loses puck.
10:58 of 1st period - Snap shot by Alexander Ovechkin.
10:58 of 1st period - Shot Misses the Net.
11:19 of 1st period - Penalty to Niclas Bergfors is over, Niclas Bergfors is back on ice.
11:31 of 1st period - Adam Burish is hit by Blake Comeau.
12:50 of 1st period - Eric Nystrom is hit by Alexander Edler and loses puck.
13:45 of 1st period - Snap shot by Justin Abdelkader.
13:45 of 1st period - Goal by Justin Abdelkader - Predators : 1 - Maple Leafs : 0.
13:46 of 1st period - Niclas Bergfors wins face-off versus Jordan Staal in neutral zone.
13:46 of 1st period - Niclas Bergfors is hit by Ben Smith.
13:57 of 1st period - Slapshot by John Klingberg.
13:57 of 1st period - Stopped by Viktor Fasth without a rebound.
13:58 of 1st period - Ryan Kesler wins face-off versus Jordan Staal in Predators zone.
13:58 of 1st period - Ryan Kesler is hit by Taylor Hall.
14:11 of 1st period - Off-side.
14:12 of 1st period - Jordan Staal wins face-off versus Ryan Kesler in neutral zone.
14:15 of 1st period - Slapshot by John Klingberg.
14:15 of 1st period - Shot Misses the Net.
14:29 of 1st period - Slapshot by Ryan Mcdonagh.
14:29 of 1st period - Deflect By Marc-Édouard Vlasic.
14:29 of 1st period - Stopped by Marc-André Fleury without a rebound.
14:30 of 1st period - Mikael Granlund wins face-off versus Brayden Schenn in Maple Leafs zone.
15:07 of 1st period - Wrist shot by Jordan Staal.
15:07 of 1st period - Shot Misses the Net.
15:23 of 1st period - Wrist shot by Beau Bennett.
15:23 of 1st period - Shot Misses the Net.
15:25 of 1st period - Wrist shot by Kevin Shattenkirk.
15:25 of 1st period - Deflect By Ryan Kesler.
15:25 of 1st period - Stopped by Viktor Fasth without a rebound.
15:26 of 1st period - Brayden Schenn wins face-off versus Mikael Granlund in Predators zone.
15:41 of 1st period - Snap shot by Mikael Granlund.
15:41 of 1st period - Stopped by Marc-André Fleury without a rebound.
15:42 of 1st period - Jordan Staal wins face-off versus Ryan Kesler in Maple Leafs zone.
15:51 of 1st period - Wrist shot by Alexander Ovechkin.
15:51 of 1st period - Shot Blocked by Taylor Hall.
16:15 of 1st period - Slapshot by Fabian Brunnstrom.
16:15 of 1st period - Shot Misses the Net.
16:17 of 1st period - Wrist shot by Jeremy Morin.
16:17 of 1st period - Stopped by Viktor Fasth without a rebound.
16:18 of 1st period - Ryan Kesler wins face-off versus Brayden Schenn in Predators zone.
16:42 of 1st period - Icing by Brayden Schenn.
16:43 of 1st period - Jordan Staal wins face-off versus Mikael Granlund in Maple Leafs zone.
16:56 of 1st period - Snap shot by Mikael Granlund.
16:56 of 1st period - Shot Misses the Net.
16:58 of 1st period - Slapshot by Byron Bitz.
16:58 of 1st period - Shot Misses the Net.
17:13 of 1st period - Icing by Niclas Bergfors.
17:14 of 1st period - Ryan Kesler wins face-off versus Mark Scheifele in Predators zone.
17:51 of 1st period - Wrist shot by Ryan Kesler.
17:51 of 1st period - Shot Misses the Net.
17:57 of 1st period - Snap shot by Alexander Edler.
17:57 of 1st period - Shot Misses the Net.
18:01 of 1st period - Slapshot by Alexander Ovechkin.
18:01 of 1st period - Stopped by Marc-André Fleury with a rebound.
18:30 of 1st period - Minor Penalty to Ryan Kesler for Interference.
18:31 of 1st period - Jordan Staal wins face-off versus Andy Miele in Predators zone.
18:37 of 1st period - Slapshot by Taylor Hall.
18:37 of 1st period - Shot Blocked by Nate Schmidt.
Goals for this period are 1 for Predators vs 0 for Maple Leafs.
Shots for this period are 9 for Predators vs 8 for Maple Leafs.
2nd period
0:01 of 2nd period - Jordan Staal wins face-off versus Andy Miele in neutral zone.
0:30 of 2nd period - Penalty to Ryan Kesler is over, Ryan Kesler is back on ice.
0:52 of 2nd period - Snap shot by Taylor Hall.
0:52 of 2nd period - Stopped by Viktor Fasth with a rebound.
0:54 of 2nd period - Snap shot by Jordan Staal.
0:54 of 2nd period - Shot Misses the Net.
0:56 of 2nd period - Wrist shot by Taylor Hall.
0:56 of 2nd period - Shot Misses the Net.
0:58 of 2nd period - Slapshot by Kevin Shattenkirk.
0:58 of 2nd period - Stopped by Viktor Fasth without a rebound.
0:59 of 2nd period - Byron Bitz wins face-off versus Jeremy Morin in Predators zone.
1:48 of 2nd period - Slapshot by Ryan Kesler.
1:48 of 2nd period - Stopped by Marc-André Fleury with a rebound.
2:31 of 2nd period - Slapshot by Alexander Edler.
2:31 of 2nd period - Goal by Alexander Edler - Predators : 2 - Maple Leafs : 0.
2:32 of 2nd period - Mikael Granlund wins face-off versus Jordan Staal in neutral zone.
3:02 of 2nd period - Snap shot by Justin Abdelkader.
3:02 of 2nd period - Shot Misses the Net.
3:04 of 2nd period - Wrist shot by Andy Miele.
3:04 of 2nd period - Stopped by Marc-André Fleury without a rebound.
3:05 of 2nd period - Mikael Granlund wins face-off versus Brayden Schenn in Maple Leafs zone.
3:18 of 2nd period - Wrist shot by Byron Bitz.
3:18 of 2nd period - Stopped by Marc-André Fleury with a rebound.
3:20 of 2nd period - Snap shot by Byron Bitz.
3:20 of 2nd period - Deflect By Mikael Granlund.
3:20 of 2nd period - Stopped by Marc-André Fleury without a rebound.
3:21 of 2nd period - Jordan Staal wins face-off versus Alexander Ovechkin in Maple Leafs zone.
3:48 of 2nd period - Jeremy Morin is hit by Mikael Granlund.
4:10 of 2nd period - Slapshot by Ryan Mcdonagh.
4:10 of 2nd period - Stopped by Marc-André Fleury without a rebound.
4:11 of 2nd period - Andy Miele wins face-off versus Mark Scheifele in Maple Leafs zone.
4:20 of 2nd period - Wrist shot by Adam Burish.
4:20 of 2nd period - Deflect By Andy Miele.
4:20 of 2nd period - Deflect By John Klingberg.
4:20 of 2nd period - Stopped by Marc-André Fleury with a rebound.
4:49 of 2nd period - Slapshot by Mikael Granlund.
4:49 of 2nd period - Stopped by Marc-André Fleury with a rebound.
5:07 of 2nd period - Slapshot by Ben Smith.
5:07 of 2nd period - Shot Misses the Net.
5:20 of 2nd period - Off-side.
5:21 of 2nd period - Scott Laughton wins face-off versus Brayden Schenn in neutral zone.
5:30 of 2nd period - Slapshot by Alexander Edler.
5:30 of 2nd period - Stopped by Marc-André Fleury without a rebound.
5:31 of 2nd period - Jordan Staal wins face-off versus Mikael Granlund in Maple Leafs zone.
6:02 of 2nd period - Snap shot by Niclas Bergfors.
6:02 of 2nd period - Shot Blocked by Ryan Parent.
6:04 of 2nd period - Slapshot by Ryan Mcdonagh.
6:04 of 2nd period - Deflect By Niclas Bergfors.
6:04 of 2nd period - Shot Misses the Net.
6:04 of 2nd period - Puck is out of play.
6:05 of 2nd period - Brayden Schenn wins face-off versus Ryan Kesler in Maple Leafs zone.
6:12 of 2nd period - Wrist shot by Niclas Bergfors.
6:12 of 2nd period - Stopped by Marc-André Fleury with a rebound.
6:14 of 2nd period - Slapshot by Alexander Ovechkin.
6:14 of 2nd period - Shot Misses the Net.
6:16 of 2nd period - Slapshot by Alexander Ovechkin.
6:16 of 2nd period - Stopped by Marc-André Fleury with a rebound.
6:18 of 2nd period - Slapshot by Niclas Bergfors.
6:18 of 2nd period - Stopped by Marc-André Fleury with a rebound.
6:20 of 2nd period - Backhand shot by Ryan Murray.
6:20 of 2nd period - Stopped by Marc-André Fleury with a rebound.
6:22 of 2nd period - Slapshot by John Moore.
6:22 of 2nd period - Shot Misses the Net.
6:24 of 2nd period - Slapshot by John Moore.
6:24 of 2nd period - Stopped by Marc-André Fleury with a rebound.
6:26 of 2nd period - Slapshot by John Moore.
6:26 of 2nd period - Stopped by Marc-André Fleury with a rebound.
6:28 of 2nd period - Snap shot by Niclas Bergfors.
6:28 of 2nd period - Shot Misses the Net.
7:28 of 2nd period - Off-side.
7:29 of 2nd period - Jordan Staal wins face-off versus Mikael Granlund in neutral zone.
7:34 of 2nd period - Snap shot by Taylor Hall.
7:34 of 2nd period - Shot Misses the Net.
7:36 of 2nd period - Wrist shot by Ben Smith.
7:36 of 2nd period - Shot Misses the Net.
7:38 of 2nd period - Snap shot by Taylor Hall.
7:38 of 2nd period - Stopped by Viktor Fasth with a rebound.
7:56 of 2nd period - Eric Nystrom is hit by Andy Miele and loses puck.
8:33 of 2nd period - Slapshot by Eric Nystrom.
8:33 of 2nd period - Shot Misses the Net.
8:54 of 2nd period - Off-side.
8:55 of 2nd period - Scott Laughton wins face-off versus Jordan Staal in neutral zone.
8:58 of 2nd period - Slapshot by John Moore.
8:58 of 2nd period - Stopped by Marc-André Fleury without a rebound.
8:59 of 2nd period - Scott Laughton wins face-off versus Taylor Hall in Maple Leafs zone.
9:08 of 2nd period - Snap shot by John Moore.
9:08 of 2nd period - Deflect By Alexander Steen.
9:08 of 2nd period - Shot Blocked by Ryan Parent.
9:08 of 2nd period - Puck is out of play.
9:09 of 2nd period - Jordan Staal wins face-off versus Mikael Granlund in Maple Leafs zone.
9:20 of 2nd period - Snap shot by Jordan Staal.
9:20 of 2nd period - Stopped by Viktor Fasth without a rebound.
9:21 of 2nd period - Jordan Staal wins face-off versus Mikael Granlund in Predators zone.
9:28 of 2nd period - Backhand shot by Jordan Staal.
9:28 of 2nd period - Deflect By Ben Smith.
9:28 of 2nd period - Goal by Ben Smith - Predators : 2 - Maple Leafs : 1.
9:29 of 2nd period - Ryan Kesler wins face-off versus Jordan Staal in neutral zone.
9:46 of 2nd period - Minor Penalty to Ben Smith for Slashing.
9:47 of 2nd period - Jordan Staal wins face-off versus Ryan Kesler in Maple Leafs zone.
10:08 of 2nd period - Niclas Bergfors is hit by Jeremy Morin and loses puck.
10:15 of 2nd period - Slapshot by Alexander Edler.
10:15 of 2nd period - Goal by Alexander Edler - Predators : 3 - Maple Leafs : 1.
10:16 of 2nd period - Taylor Hall wins face-off versus Mikael Granlund in neutral zone.
10:18 of 2nd period - Off-side.
10:19 of 2nd period - Jordan Staal wins face-off versus Mikael Granlund in neutral zone.
10:22 of 2nd period - Mikael Granlund is hit by Ben Smith and loses puck.
10:44 of 2nd period - Off-side.
10:45 of 2nd period - Ryan Kesler wins face-off versus Brayden Schenn in neutral zone.
10:55 of 2nd period - Wrist shot by Brayden Schenn.
10:55 of 2nd period - Shot Blocked by Alexander Edler.
10:57 of 2nd period - Slapshot by Kevin Shattenkirk.
10:57 of 2nd period - Shot Blocked by Ryan Mcdonagh.
10:59 of 2nd period - Snap shot by Jeremy Morin.
10:59 of 2nd period - Stopped by Viktor Fasth with a rebound.
11:01 of 2nd period - Slapshot by Kevin Shattenkirk.
11:01 of 2nd period - Shot Misses the Net.
11:11 of 2nd period - Taylor Hall is hit by Alexander Edler and loses puck.
11:18 of 2nd period - Ryan Mcdonagh is hit by Ben Smith.
11:38 of 2nd period - Snap shot by Mikael Granlund.
11:38 of 2nd period - Shot Misses the Net.
11:40 of 2nd period - Snap shot by Mikael Granlund.
11:40 of 2nd period - Stopped by Marc-André Fleury with a rebound.
11:42 of 2nd period - Snap shot by Byron Bitz.
11:42 of 2nd period - Shot Misses the Net.
11:56 of 2nd period - Snap shot by Nate Thompson.
11:56 of 2nd period - Shot Misses the Net.
12:00 of 2nd period - Slapshot by Kevin Shattenkirk.
12:00 of 2nd period - Stopped by Viktor Fasth without a rebound.
12:01 of 2nd period - Ryan Kesler wins face-off versus Jordan Staal in Predators zone.
12:01 of 2nd period - Ryan Kesler is hit by Jordan Staal.
12:13 of 2nd period - Slapshot by Jordan Staal.
12:13 of 2nd period - Deflect By John Moore.
12:13 of 2nd period - Stopped by Viktor Fasth with a rebound.
12:46 of 2nd period - James Van Riemsdyk is hit by Mark Scheifele and loses puck.
13:08 of 2nd period - Off-side.
13:09 of 2nd period - Ryan Kesler wins face-off versus Jordan Staal in neutral zone.
13:58 of 2nd period - Wrist shot by Mark Scheifele.
13:58 of 2nd period - Shot Misses the Net.
14:00 of 2nd period - Slapshot by Taylor Chorney.
14:00 of 2nd period - Stopped by Viktor Fasth without a rebound.
14:01 of 2nd period - Ryan Kesler wins face-off versus Alex Killorn in Predators zone.
14:24 of 2nd period - Minor Penalty to Beau Bennett for Interference.
14:25 of 2nd period - Jordan Staal wins face-off versus Ryan Kesler in Maple Leafs zone.
14:30 of 2nd period - Ryan Kesler is hit by Ben Smith and loses puck.
14:51 of 2nd period - Taylor Chorney is hit by Mikael Granlund and loses puck.
16:24 of 2nd period - Penalty to Beau Bennett is over, Beau Bennett is back on ice.
16:52 of 2nd period - Wrist shot by Eric Nystrom.
16:52 of 2nd period - Stopped by Viktor Fasth without a rebound.
16:53 of 2nd period - Andy Miele wins face-off versus Mark Scheifele in Predators zone.
17:00 of 2nd period - Snap shot by Beau Bennett.
17:00 of 2nd period - Stopped by Viktor Fasth without a rebound.
17:01 of 2nd period - Mark Scheifele wins face-off versus Andy Miele in Predators zone.
17:02 of 2nd period - Snap shot by Alex Killorn.
17:02 of 2nd period - Stopped by Viktor Fasth with a rebound.
17:04 of 2nd period - Snap shot by Beau Bennett.
17:04 of 2nd period - Shot Misses the Net.
17:06 of 2nd period - Snap shot by Alex Killorn.
17:06 of 2nd period - Shot Misses the Net.
17:08 of 2nd period - Wrist shot by Beau Bennett.
17:08 of 2nd period - Shot Misses the Net.
17:10 of 2nd period - Snap shot by Alex Killorn.
17:10 of 2nd period - Goal by Alex Killorn - Predators : 3 - Maple Leafs : 2.
17:11 of 2nd period - Jordan Staal wins face-off versus Ryan Kesler in neutral zone.
17:24 of 2nd period - Wrist shot by Niclas Bergfors.
17:24 of 2nd period - Stopped by Marc-André Fleury without a rebound.
17:25 of 2nd period - James Van Riemsdyk wins face-off versus Jordan Staal in Maple Leafs zone.
17:39 of 2nd period - Minor Penalty to Mikael Granlund for Interference.
17:40 of 2nd period - Jordan Staal wins face-off versus Andy Miele in Predators zone.
17:50 of 2nd period - Snap shot by Jordan Staal.
17:50 of 2nd period - Shot Misses the Net.
17:52 of 2nd period - Snap shot by Taylor Hall.
17:52 of 2nd period - Stopped by Viktor Fasth with a rebound.
18:30 of 2nd period - Snap shot by Ryan Kesler.
18:30 of 2nd period - Shot Blocked by Taylor Hall.
19:39 of 2nd period - Penalty to Mikael Granlund is over, Mikael Granlund is back on ice.
19:52 of 2nd period - Wrist shot by Byron Bitz.
19:52 of 2nd period - Shot Misses the Net.
19:54 of 2nd period - Slapshot by Ryan Mcdonagh.
19:54 of 2nd period - Shot Blocked by Taylor Chorney.
19:56 of 2nd period - Snap shot by Byron Bitz.
19:56 of 2nd period - Shot Blocked by Blake Comeau.
19:58 of 2nd period - Snap shot by Ryan Kesler.
19:58 of 2nd period - Shot Misses the Net.
Goals for this period are 2 for Predators vs 2 for Maple Leafs.
Shots for this period are 19 for Predators vs 14 for Maple Leafs.
3rd period
0:01 of 3rd period - Jordan Staal wins face-off versus Ryan Kesler in neutral zone.
0:10 of 3rd period - Slapshot by Kevin Shattenkirk.
0:10 of 3rd period - Shot Blocked by Ryan Mcdonagh.
0:12 of 3rd period - Slapshot by Ben Smith.
0:12 of 3rd period - Stopped by Viktor Fasth without a rebound.
0:13 of 3rd period - Ryan Kesler wins face-off versus Jordan Staal in Predators zone.
0:13 of 3rd period - Ryan Kesler is hit by Ben Smith.
0:50 of 3rd period - Slapshot by Mikael Granlund.
0:50 of 3rd period - Stopped by Marc-André Fleury without a rebound.
0:51 of 3rd period - Andy Miele wins face-off versus Jordan Staal in Maple Leafs zone.
1:24 of 3rd period - Wrist shot by Brayden Schenn.
1:24 of 3rd period - Shot Misses the Net.
1:26 of 3rd period - Wrist shot by Fabian Brunnstrom.
1:26 of 3rd period - Stopped by Viktor Fasth with a rebound.
1:28 of 3rd period - Snap shot by Fabian Brunnstrom.
1:28 of 3rd period - Stopped by Viktor Fasth with a rebound.
1:30 of 3rd period - Snap shot by Jeremy Morin.
1:30 of 3rd period - Deflect By Alexander Ovechkin.
1:30 of 3rd period - Shot Misses the Net.
1:30 of 3rd period - Puck is out of play.
1:31 of 3rd period - Mark Scheifele wins face-off versus Mikael Granlund in Predators zone.
1:40 of 3rd period - John Moore is hit by Alex Killorn and loses puck.
1:58 of 3rd period - John Moore is hit by Kevin Shattenkirk and loses puck.
2:55 of 3rd period - Wrist shot by Blake Comeau.
2:55 of 3rd period - Shot Blocked by Ryan Mcdonagh.
3:33 of 3rd period - Backhand shot by Braydon Coburn.
3:33 of 3rd period - Stopped by Viktor Fasth with a rebound.
4:00 of 3rd period - Nate Schmidt is hit by Brayden Schenn and loses puck.
4:21 of 3rd period - Wrist shot by Adam Burish.
4:21 of 3rd period - Stopped by Marc-André Fleury without a rebound.
4:22 of 3rd period - Jordan Staal wins face-off versus Ryan Kesler in Maple Leafs zone.
4:29 of 3rd period - Ryan Kesler is hit by Jordan Staal and loses puck.
4:48 of 3rd period - Snap shot by Eric Nystrom.
4:48 of 3rd period - Deflect By Nate Thompson.
4:48 of 3rd period - Shot Blocked by Ryan Mcdonagh.
4:48 of 3rd period - Puck is out of play.
4:49 of 3rd period - Mikael Granlund wins face-off versus Eric Nystrom in Predators zone.
4:56 of 3rd period - Slapshot by John Moore.
4:56 of 3rd period - Stopped by Marc-André Fleury with a rebound.
4:58 of 3rd period - Minor Penalty to Blake Comeau for Tripping.
4:59 of 3rd period - Ryan Kesler wins face-off versus Jordan Staal in Maple Leafs zone.
6:19 of 3rd period - Niclas Bergfors is hit by Jeremy Morin and loses puck.
6:58 of 3rd period - Penalty to Blake Comeau is over, Blake Comeau is back on ice.
7:12 of 3rd period - Wrist shot by Beau Bennett.
7:12 of 3rd period - Stopped by Viktor Fasth with a rebound.
7:14 of 3rd period - Major / Game Misconduct Penalty to Adam Burish for Butt-ending.
7:14 of 3rd period - Adam Burish is ejected from game.
7:15 of 3rd period - Andy Miele wins face-off versus Ben Smith in Predators zone.
7:28 of 3rd period - Slapshot by Marc-Édouard Vlasic.
7:28 of 3rd period - Stopped by Viktor Fasth with a rebound.
9:11 of 3rd period - Nate Schmidt is hit by Taylor Hall and loses puck.
9:57 of 3rd period - Icing by Marc-Édouard Vlasic.
9:58 of 3rd period - Eric Nystrom wins face-off versus Andy Miele in Maple Leafs zone.
10:03 of 3rd period - Ryan Murray is hit by Alex Killorn and loses puck.
10:08 of 3rd period - Wrist shot by Eric Nystrom.
10:08 of 3rd period - Shot Blocked by Dmitri Kalinin.
11:41 of 3rd period - Ben Smith is hit by Scott Laughton and loses puck.
12:14 of 3rd period - Penalty to Adam Burish is over, Byron Bitz is send on ice.
12:47 of 3rd period - Alex Killorn is hit by Dmitri Kalinin.
12:57 of 3rd period - Taylor Chorney is hit by Ryan Murray and loses puck.
13:54 of 3rd period - Jordan Staal is hit by Alexander Edler and loses puck.
14:25 of 3rd period - Eric Nystrom is hit by Scott Laughton and loses puck.
14:40 of 3rd period - Taylor Chorney is hit by Alexander Ovechkin and loses puck.
15:36 of 3rd period - Dmitri Kalinin is hit by Marc-Édouard Vlasic and loses puck.
16:00 of 3rd period - John Moore is hit by Eric Nystrom and loses puck.
16:28 of 3rd period - Beau Bennett is hit by Niclas Bergfors and loses puck.
16:41 of 3rd period - Mikael Granlund is hit by Fabian Brunnstrom and loses puck.
17:04 of 3rd period - Justin Abdelkader is hit by Eric Nystrom and loses puck.
18:16 of 3rd period - Backhand shot by Jeremy Morin.
18:16 of 3rd period - Stopped by Viktor Fasth with a rebound.
18:42 of 3rd period - Ryan Mcdonagh is hit by Eric Nystrom.
18:46 of 3rd period - Alexander Ovechkin is hit by Blake Comeau.
19:14 of 3rd period - Maple Leafs, Marc-André Fleury is pulled from the net.
19:52 of 3rd period - Wrist shot by Taylor Hall.
19:52 of 3rd period - Stopped by Viktor Fasth without a rebound.
19:53 of 3rd period - Pat Burns call a timeout for Maple Leafs.
19:53 of 3rd period - Jordan Staal wins face-off versus Justin Abdelkader in Predators zone.
Goals for this period are 0 for Predators vs 0 for Maple Leafs.
Shots for this period are 3 for Predators vs 8 for Maple Leafs.
Back to the Top